PIO (24 & UNDER)
COLORADO COMMANDERS @ JASPER COUGARS
09/12/2026
 
TOP OF THE 1ST
Colorado Commanders batting - Pitching for Jasper Cougars : RHP José Orozco
Pitching: RHP José Orozco
Batting: RHB Frank Martínez 0-0: Ball
1-0: Ball
2-0: Ball
3-0: Called Strike
3-1: Called Strike
3-2: Strikes out swinging
Batting: LHB Arturo Rodledo 0-0: Called Strike
0-1: Swinging Strike
0-2: Strikes out looking
Batting: RHB Chris Rice 0-0: Foul Ball, location: 2F
0-1: Fly out, F9 (Flyball, 89S)
Top of the 1st over - 0 run(s), 0 hit(s), 0 error(s), 0 left on base; Colorado 0 - Jasper 0
BOTTOM OF THE 1ST
Jasper Cougars batting - Pitching for Colorado Commanders : RHP Héctor Rodríguez
Pitching: RHP Héctor Rodríguez
Batting: SHB Carlos Córdova 0-0: Ball
1-0: Foul Ball, location: 2F
1-1: Foul Ball, location: 2F
1-2: Foul Ball, location: 2F
1-2: Foul Ball, location: 2F
1-2: Ball
2-2: Foul Ball, location: 2F
2-2: Foul Ball, location: 2F
2-2: Foul Ball, location: 2F
2-2: SINGLE (Line Drive, 4D)
Batting: LHB António Camacho 0-0: Called Strike
Carlos Córdova steals 2nd base
0-1: Swinging Strike
0-2: Ball
1-2: Foul Ball, location: 2F
1-2: Ball
2-2: Foul Ball, location: 2F
2-2: SINGLE (Groundball, 6MD)
Carlos Córdova to third
Throwing error, E8
Carlos Córdova scores
António Camacho to second
Batting: RHB David Hernández 0-0: Called Strike
0-1: Called Strike
0-2: Ball
1-2: Ball
2-2: Fly out, F7 (Line Drive, 7M)
Batting: SHB Ron Edwards 0-0: Called Strike
0-1: Ball
1-1: Ball
2-1: Swinging Strike
2-2: SINGLE (Line Drive, 7S)
António Camacho to third
Batting: RHB George Reeves 0-0: Ball
1-0: Ball
2-0: SINGLE (Groundball, 34D)
António Camacho scores
Ron Edwards to second
Runner from 2nd tries for 3rd, SAFE, throw made to third
Batting: LHB Kyle Harrison 0-0: Grounds into double play, 6-4-3 (Groundball, 6M)
Bottom of the 1st over - 2 run(s), 4 hit(s), 1 error(s), 1 left on base; Colorado 0 - Jasper 2
TOP OF THE 2ND
Colorado Commanders batting - Pitching for Jasper Cougars : RHP José Orozco
Batting: RHB Carlos Hernández 0-0: Ball
1-0: Ball
2-0: Swinging Strike
2-1: Foul Ball, location: 2F
2-2: DOUBLE (Line Drive, 9LS)
Batting: RHB Kyle Vélez 0-0: Foul Ball, location: 2F
0-1: Ball
1-1: Ball
2-1: Swinging Strike
2-2: Ball
3-2: Foul Ball, location: 2F
3-2: Strikes out swinging
Batting: RHB Randall Luna 0-0: Foul Ball, location: 2F
0-1: Ball
1-1: Fly out, F7 (Flyball, 7LMF)
Batting: RHB Nick Crosby 0-0: Ball
1-0: Called Strike
1-1: Swinging Strike
1-2: Ball
2-2: Strikes out looking
Top of the 2nd over - 0 run(s), 1 hit(s), 0 error(s), 1 left on base; Colorado 0 - Jasper 2
BOTTOM OF THE 2ND
Jasper Cougars batting - Pitching for Colorado Commanders : RHP Héctor Rodríguez
Batting: SHB Rafael Acosta 0-0: Called Strike
0-1: Foul Ball, location: 2F
0-2: Strikes out swinging
Batting: RHB José Maldonado 0-0: Ball
1-0: Swinging Strike
1-1: Ground out 6-3 (Groundball, 6)
Batting: LHB John Stone 0-0: Ball
1-0: Ball
2-0: Called Strike
2-1: Foul Ball, location: 2F
2-2: Ball
3-2: Base on Balls
Batting: SHB Carlos Córdova 0-0: Ball
1-0: Swinging Strike
1-1: Ball
2-1: Ball
3-1: Called Strike
3-2: Ground out 4-3 (Groundball, 4S)
Bottom of the 2nd over - 0 run(s), 0 hit(s), 0 error(s), 1 left on base; Colorado 0 - Jasper 2
TOP OF THE 3RD
Colorado Commanders batting - Pitching for Jasper Cougars : RHP José Orozco
Batting: RHB Adam Reeves 0-0: Ball
1-0: Swinging Strike
1-1: Ball
2-1: Ball
3-1: Foul Ball, location: 2F
3-2: Strikes out looking
Batting: RHB Tony Barton 0-0: Ball
1-0: Called Strike
1-1: Foul Ball, location: 2F
1-2: Ball
2-2: Foul Ball, location: 2F
2-2: Strikes out looking
Batting: RHB Frank Martínez 0-0: Called Strike
0-1: Fly out, F9 (Flyball, 89S)
Top of the 3rd over - 0 run(s), 0 hit(s), 0 error(s), 0 left on base; Colorado 0 - Jasper 2
BOTTOM OF THE 3RD
Jasper Cougars batting - Pitching for Colorado Commanders : RHP Héctor Rodríguez
Batting: LHB António Camacho 0-0: Swinging Strike
0-1: Ground out U3 (Groundball, 3S)
Batting: RHB David Hernández 0-0: Ball
1-0: Ball
2-0: Foul Ball, location: 2F
2-1: SOLO HOME RUN (Flyball, 78XD), Distance : 403 ft
Batting: SHB Ron Edwards 0-0: Called Strike
0-1: Ball
1-1: Ground out 4-3 (Groundball, 34)
Batting: RHB George Reeves 0-0: Ball
1-0: Swinging Strike
1-1: SINGLE (Line Drive, 4MD)
Batting: LHB Kyle Harrison 0-0: Ball
1-0: Called Strike
Throwing error on steal attempt, E2
George Reeves to third
1-1: Ground out 4-3 (Groundball, 4)
Bottom of the 3rd over - 1 run(s), 2 hit(s), 1 error(s), 1 left on base; Colorado 0 - Jasper 3
TOP OF THE 4TH
Colorado Commanders batting - Pitching for Jasper Cougars : RHP José Orozco
Batting: LHB Arturo Rodledo 0-0: Ball
1-0: Ball
2-0: Called Strike
2-1: Foul Ball, location: 2F
2-2: Foul Ball, location: 2F
2-2: Ball
3-2: Fly out, F7 (Flyball, 7S)
Batting: RHB Chris Rice 0-0: Ball
1-0: SINGLE (Line Drive, 4MD)
Batting: RHB Carlos Hernández 0-0: SINGLE (Groundball, 6MD)
Chris Rice to second
Throwing error, E8
Chris Rice scores
Carlos Hernández to second
Batting: RHB Kyle Vélez 0-0: Ball
1-0: Ball
2-0: Ground out 1-3 (Groundball, 13)
Carlos Hernández to third
Batting: RHB Randall Luna 0-0: Ball
1-0: Ground out 5-3 (Groundball, 56S)
Top of the 4th over - 1 run(s), 2 hit(s), 1 error(s), 1 left on base; Colorado 1 - Jasper 3
BOTTOM OF THE 4TH
Jasper Cougars batting - Pitching for Colorado Commanders : RHP Héctor Rodríguez
Batting: SHB Rafael Acosta 0-0: Fly out, F7 (Flyball, 7M)
Batting: RHB José Maldonado 0-0: Ball
1-0: Ball
2-0: Called Strike
2-1: Fly out, F9 (Flyball, 9LD)
Batting: LHB John Stone 0-0: Ball
1-0: Called Strike
1-1: Fly out, F6 (Popup, 6MD)
Bottom of the 4th over - 0 run(s), 0 hit(s), 0 error(s), 0 left on base; Colorado 1 - Jasper 3
TOP OF THE 5TH
Colorado Commanders batting - Pitching for Jasper Cougars : RHP José Orozco
Batting: RHB Nick Crosby 0-0: Ball
1-0: Ground out 6-3 (Groundball, 6)
Batting: RHB Adam Reeves 0-0: Ball
1-0: Fly out, F4 (Popup, 34)
Batting: RHB Tony Barton 0-0: Called Strike
0-1: Ball
1-1: Ball
2-1: Ball
3-1: Ground out 6-3 (Groundball, 6)
Top of the 5th over - 0 run(s), 0 hit(s), 0 error(s), 0 left on base; Colorado 1 - Jasper 3
BOTTOM OF THE 5TH
Jasper Cougars batting - Pitching for Colorado Commanders : RHP Héctor Rodríguez
Batting: SHB Carlos Córdova 0-0: Fly out, F5 (Popup, 5F)
Batting: LHB António Camacho 0-0: Ball
1-0: Foul Ball, location: 2F
1-1: Foul Ball, location: 2F
1-2: Ball
2-2: Ball
3-2: Strikes out swinging
Batting: RHB David Hernández 0-0: Called Strike
0-1: Called Strike
0-2: Foul Ball, location: 2F
0-2: Ball
1-2: Ball
2-2: Ball
3-2: Foul Ball, location: 2F
3-2: Base on Balls
Pitching: LHP Pedro Beltrán
Batting: SHB Ron Edwards 0-0: Called Strike
David Hernández is caught stealing 2nd base
Bottom of the 5th over - 0 run(s), 0 hit(s), 0 error(s), 0 left on base; Colorado 1 - Jasper 3
TOP OF THE 6TH
Colorado Commanders batting - Pitching for Jasper Cougars : RHP José Orozco
Batting: RHB Frank Martínez 0-0: Ball
1-0: Fly out, F3 (Popup, 23F)
Batting: LHB Arturo Rodledo 0-0: Foul Ball, location: 2F
0-1: Ground out 4-3 (Groundball, 4)
Batting: RHB Chris Rice 0-0: Foul Ball, location: 2F
0-1: Foul Ball, location: 2F
0-2: Strikes out looking
Top of the 6th over - 0 run(s), 0 hit(s), 0 error(s), 0 left on base; Colorado 1 - Jasper 3
BOTTOM OF THE 6TH
Jasper Cougars batting - Pitching for Colorado Commanders : LHP Pedro Beltrán
Batting: SHB Ron Edwards 0-0: Swinging Strike
0-1: Called Strike
0-2: SINGLE (Groundball, 6MD)
Batting: RHB George Reeves 0-0: Ball
1-0: Foul Ball, location: 2F
1-1: Swinging Strike
1-2: Ball
2-2: Ball
3-2: Strikes out swinging
Batting: LHB Kyle Harrison 0-0: Foul Ball, location: 2F
0-1: Ball
1-1: Ball
2-1: Called Strike
2-2: Foul Ball, location: 2F
2-2: Fly out, F8 (Popup, 8LS)
Batting: SHB Rafael Acosta 0-0: Ball
1-0: Ground out 1-3 (Groundball, 15S)
Bottom of the 6th over - 0 run(s), 1 hit(s), 0 error(s), 1 left on base; Colorado 1 - Jasper 3
TOP OF THE 7TH
Colorado Commanders batting - Pitching for Jasper Cougars : RHP José Orozco
Batting: RHB Carlos Hernández 0-0: Foul Ball, location: 2F
0-1: Ball
1-1: Ball
2-1: Foul Ball, location: 2F
2-2: Strikes out swinging
Batting: RHB Kyle Vélez 0-0: Ball
1-0: Foul Ball, location: 2F
1-1: Swinging Strike
1-2: Foul Ball, location: 2F
1-2: Ground out 6-3 (Groundball, 6)
Batting: RHB Randall Luna 0-0: Called Strike
0-1: Called Strike
0-2: Ground out 1-3 (Groundball, 13)
Top of the 7th over - 0 run(s), 0 hit(s), 0 error(s), 0 left on base; Colorado 1 - Jasper 3
BOTTOM OF THE 7TH
Jasper Cougars batting - Pitching for Colorado Commanders : LHP Pedro Beltrán
Batting: RHB José Maldonado 0-0: Ball
1-0: Swinging Strike
1-1: Called Strike
1-2: SINGLE (Line Drive, 8LS)
Batting: LHB John Stone 0-0: Ball
1-0: Bunted foul
1-1: Bunt missed!
1-2: Ball
2-2: Fly out, F7 (Flyball, 7M)
Batting: SHB Carlos Córdova 0-0: Ball
1-0: Ball
2-0: Ball
3-0: Base on Balls
José Maldonado to second
Pinch Hitting: RHB Bob Cole 0-0: Ball
1-0: Called Strike
1-1: Ball
2-1: Ball
3-1: Grounds into double play, 4-6-3 (Groundball, 34)
Bottom of the 7th over - 0 run(s), 1 hit(s), 0 error(s), 1 left on base; Colorado 1 - Jasper 3
TOP OF THE 8TH
Colorado Commanders batting - Pitching for Jasper Cougars : RHP José Orozco
Now in LF: Jon Rogers
Batting: RHB Nick Crosby 0-0: Swinging Strike
0-1: Called Strike
0-2: Foul Ball, location: 2F
0-2: Ball
1-2: Ball
2-2: Ground out 4-3 (Groundball, 4M)
Batting: RHB Adam Reeves 0-0: Ball
1-0: Ball
2-0: Called Strike
2-1: Ground out 5-3 (Groundball, 5)
Batting: RHB Tony Barton 0-0: Swinging Strike
0-1: Ball
1-1: Swinging Strike
1-2: TRIPLE (Line Drive, 89M)
Batting: RHB Frank Martínez 0-0: Ball
1-0: Called Strike
1-1: Ball
2-1: Ground out 6-3 (Groundball, 6)
Top of the 8th over - 0 run(s), 1 hit(s), 0 error(s), 1 left on base; Colorado 1 - Jasper 3
BOTTOM OF THE 8TH
Jasper Cougars batting - Pitching for Colorado Commanders : LHP Pedro Beltrán
Pitching: RHP Tomás Rodríguez
Batting: RHB David Hernández 0-0: Called Strike
0-1: Ground out 1-3 (Groundball, 13)
Batting: SHB Ron Edwards 0-0: Ball
1-0: SINGLE (Groundball, 3L)
Batting: RHB George Reeves 0-0: Ball
1-0: Ball
2-0: Foul Ball, location: 2F
2-1: Ground out 5-3 (Groundball, 56S)
Ron Edwards to second
Pitching: LHP Manuel Reyes
Batting: LHB Kyle Harrison 0-0: Ball
1-0: Ball
2-0: Ball
3-0: Called Strike
3-1: Ground out 3-1 (Groundball, 34)
Bottom of the 8th over - 0 run(s), 1 hit(s), 0 error(s), 1 left on base; Colorado 1 - Jasper 3
TOP OF THE 9TH
Colorado Commanders batting - Pitching for Jasper Cougars : RHP José Orozco
Batting: LHB Arturo Rodledo 0-0: Ball
1-0: Ball
2-0: Foul Ball, location: 2F
2-1: Foul Ball, location: 2F
2-2: Ball
3-2: Foul Ball, location: 2F
3-2: SINGLE (Line Drive, 34)
Pinch Runner at 1st Rafael López:
Batting: RHB Chris Rice 0-0: Ball
1-0: Fly out, F9 (Flyball, 9M)
Pitching: RHP António Peña
Batting: RHB Carlos Hernández 0-0: Ball
1-0: Ball
2-0: Swinging Strike
2-1: Fly out, F8 (Flyball, 8LS)
Pinch Hitting: RHB Samuel Pasolini 0-0: Called Strike
0-1: Ball
1-1: Ball
2-1: Swinging Strike
2-2: Strikes out swinging
Top of the 9th over - 0 run(s), 1 hit(s), 0 error(s), 1 left on base; Colorado 1 - Jasper 3
Monday, December 5th, 2016 - OOTP Baseball 17.12 Build 75